 Dungeon Crawl Stone Soup version 0.28-a0-429-g1448048969 (webtiles) character file.

Game seed: 14366771664969803160

147 Shayle the Insei (level 5, 0/40 HPs)
             Began as a Djinni Warper on Sept 11, 2021.
             Slain by a worm (10 damage)
             ... on level 3 of the Dungeon on Sept 12, 2021.
             The game lasted 00:08:03 (3719 turns).

Shayle the Insei (Djinni Warper)                    Turns: 3719, Time: 00:08:04

Health: 0/40       AC:  3    Str: 10    XL:     5   Next: 54%
Gold:   782        EV: 11    Int: 16    God:
                   SH:  0    Dex: 12

rFire   + + .      SeeInvis .   f - +3 dagger (protect)
rCold   x . .      Faith    .   (no shield)
rNeg    . . .      Spirit   .   a - +0 leather armour
rPois   ∞          Reflect  .   (no helmet)
rElec   .          Harm     .   (no cloak)
rCorr   +          Rampage  .   (no gloves)
Will    .....                   (boots unavailable)
Stlth   +.........              (no amulet)
HPRegen 0.13/turn               d - ring of resist corrosion
MPRegen 0.00/turn               (no ring)

@: flying
A: sickness immunity, fire resistance 2, cold vulnerability 1, float, innate
caster, hp casting, extra vitality 1
a: no special abilities


You were on level 3 of the Dungeon.
You visited 1 branch of the dungeon, and saw 3 of its levels.

You collected 782 gold pieces.

Inventory:

Hand Weapons
 f - a +3 dagger of protection (weapon)
Missiles
 c - 3 boomerangs of dispersal (quivered)
Armour
 a - a +0 leather armour (worn)
Jewellery
 d - a ring of resist corrosion (left hand)
 l - an amulet of the acrobat
Scrolls
 b - a scroll of blinking
 i - a scroll of immolation
Potions
 g - a potion of resistance
 j - a potion of cancellation {unknown}


   Skills:
 + Level 3.1 Fighting
 - Level 0.7 Throwing
 - Level 1.0 Armour
 - Level 2.1 Dodging
 * Level 4.0 Unarmed Combat
 + Level 3.0 Spellcasting


You couldn't memorise any spells.
You knew the following spells:

 Your Spells              Type           Power      Damage    Failure   Level
a - Blink                 Tloc           N/A        N/A       11%         2
b - Lesser Beckoning      Tloc           12%        N/A       22%         3
c - Gell's Gravitas       Tloc           6%         N/A       22%         3
d - Teleport Other        Tloc           12%        N/A       22%         3
e - Manifold Assault      Tloc           12%        N/A       89%         5
f - Beastly Appendage     Tmut           24%        N/A       7%          1
g - Searing Ray           Conj           24%        2d5       11%         2
Your spell library was empty.

Dungeon Overview and Level Annotations

Branches:
Dungeon (3/15)

Altars:


Innate Abilities, Weirdness & Mutations

You are immune to sickness and miasma.
You are immune to poison.
Your flesh is very heat resistant. (rF++)
You are vulnerable to cold. (rC-)
You float through the air rather than walking.
You learn spells naturally, not from books.
Your magical power is your life essence.
You have superior vitality. (+4 HP)


Message History

The hobgoblin shouts!
The searing ray misses the adder.
The searing ray hits the adder.
The adder is moderately wounded.
The adder closely misses you.
The searing ray hits the adder.
The adder is almost dead.
You finish channelling your searing ray.
The adder bites you. The adder closely misses you.
You hit the adder but do no damage.
Your weapon exudes an aura of protection.
The adder is almost dead.
The adder bites you but does no damage.
Casting: Searing Ray (safe; 11% risk of failure)
Confirm with . or Enter, or press ? or * to list all spells.
Aiming: Searing Ray (safe; 11% risk of failure)
Press: ? - help, Shift-Dir - straight line, f - adder
Aim: an adder (almost dead, 60% to hit)
The searing ray misses the adder. (Press . to maintain the ray.)
The adder barely misses you.
The searing ray hits the adder.
You kill the adder!
The searing ray hits the worm.
The worm is moderately wounded.
The searing ray hits the hobgoblin.
You kill the hobgoblin!
* * * LOW HITPOINT WARNING * * *
Your magical contamination has completely faded away.
Your Unarmed Combat skill increases to level 4!
The searing ray hits the worm.
The worm is moderately wounded.
* * * LOW HITPOINT WARNING * * *
Unknown command.
The searing ray hits the worm.
The worm is heavily wounded.
* * * LOW HITPOINT WARNING * * *
You finish channelling your searing ray.
The worm bites you!
You die...

#.....# # #.....##
#. #......#
#..#.#....#
#..#.#....######.#
#.................
#......##.######.#
#..........#
####.##.##@#
#.##.##w#
####.##.##)##
#....#......#
#...##..###'#
.######.#.##..#
#..#
........#.##..#
#..#
...##..........
#..#
...............
#..#


You could see a worm.

Vanquished Creatures
  An orc wizard (D:3)
  2 gnolls (D:3)
  3 adders
  2 worms (D:2)
  A dart slug (D:1)
  4 orcs
  5 endoplasms
  2 giant cockroaches
  7 goblins
  8 hobgoblins
  2 jackals (D:2)
  A quokka (D:1)
  7 ball pythons
  6 bats
  4 frilled lizards
  3 kobolds
  4 rats
62 creatures vanquished.

Notes
Turn   | Place    | Note
-------+----------+-------------------------------------------
     0 | D:1      | Shayle the Djinni Warper began the quest for the Orb.
     0 | D:1      | Reached XP level 1. HP: 18/18 MP: 0/0
    93 | D:1      | Reached XP level 2. HP: 17/23 MP: 0/0
   536 | D:1      | Found a faded altar of an unknown god.
   763 | D:1      | Reached XP level 3. HP: 29/29 MP: 0/0
   763 | D:1      | Learned a level 1 spell: Beastly Appendage
  1555 | D:2      | Reached skill level 3 in Unarmed Combat
  1802 | D:2      | Reached XP level 4. HP: 27/34 MP: 0/0
  2374 | D:2      | Identified a scroll of acquirement
  2374 | D:2      | Acquired 732 gold pieces
  3362 | D:2      | Reached XP level 5. HP: 37/40 MP: 0/0
  3362 | D:2      | Learned a level 2 spell: Searing Ray
  3718 | D:3      | Reached skill level 4 in Unarmed Combat
  3719 | D:3      | Slain by a worm

Illustrated notes

Levels and vault maps discovered:
D:1:      psy_arrival_spokes, layout_basic, hellmonk_ecumenical_altar_blasted,
          minmay_misc_feat_tower
D:2:      layout_loops_cross, minmay_increasing_density
D:3:      minmay_chambers_of_twos, layout_basic, mainiacjoe_overflow_alcove_2,
          mainiacjoe_overflow_24_doors, kennysheep_generic_room_11, uniq_terence

Skill      XL: |  1  2  3  4  5 |
---------------+----------------+-----
Unarmed Combat | 3 4 |  4.0
Fighting       | 3 |  3.1
Spellcasting   | 3 |  3.0
Throwing       | |  0.7
Armour         | |  1.0
Dodging        | |  2.1

Action                   |  1- 3 |  4- 6 || total
-------------------------+-------+-------++-------
Melee: Unarmed           |    24 |       ||    24
       Dagger            |    90 |    91 ||   181
       Headbutt          |     1 |     8 ||     9
Throw: Boomerang         |     1 |     1 ||     2
 Cast: Beastly Appendage |     1 |     8 ||     9
       Searing Ray       |       |     7 ||     7
  Use: Scroll            |     1 |     5 ||     6
 Stab: Sleeping          |       |     1 ||     1
Armor: Leather armour    |    50 |    34 ||    84
Dodge: Dodged            |    66 |    62 ||   128

Table legend: (Time is in decaauts)
 A = Elapsed time spent in this place.
 B = Non-inter-level travel time spent in this place.
 C = Inter-level travel time spent in this place.
 D = Time resting spent in this place.
 E = Time spent auto-exploring this place.
 F = Levels seen in this place.
 G = Mean time per level.
                   A        B        C        D        E       F      G
               +--------+--------+--------+--------+--------+-----+--------+
         Total |   3720 |   3683 |     37 |    718 |   2346 |   3 | 1240.0 |
       Dungeon |   3720 |   3683 |     37 |    718 |   2346 |   3 | 1240.0 |
               +--------+--------+--------+--------+--------+-----+--------+

Top non-repeatable levels by time:
     D:2: 1553 daAuts
     D:1: 1502 daAuts
     D:3: 664 daAuts
